 Dungeon Crawl Stone Soup version 0.31-a0-692-gf03d1854d5 (webtiles) character file.

Game seed: 6239370696115888015

32 Essalna the Conjurer (level 3, -1/24 HPs)
             Began as a Demonspawn Conjurer on Sept 7, 2023.
             Slain by a goblin
             ... wielding a +0 dagger
              (2 damage)
             ... on level 2 of the Dungeon.
             The game lasted 00:01:35 (1072 turns).

Essalna the Conjurer (Demonspawn Conjurer)          Turns: 1072, Time: 00:01:35

Health: -1/24      AC:  3    Str:  7    XL:     3   Next: 10%
Magic:  7/7        EV: 12    Int: 21    God:
Gold:   152        SH:  4    Dex: 11    Spells: 6/7 levels left

rFire   . . .        e - +1 long sword
rCold   . . .        (no shield)
rNeg    . . .        c - +1 robe {Will+}
rPois   .            (no helmet)
rElec   .            (no cloak)
rCorr   .            (no gloves)
SInv    .            (no boots)
Will    +....        (no amulet)
Stlth   ++           (no ring)
HPRegen 0.24/turn    (no ring)
MPRegen 0.10/turn

%: no passive effects
@: no status effects
A: demonic guardian 1, condensation shield
a: no special abilities


You were on level 2 of the Dungeon.
You visited 1 branch of the dungeon, and saw 2 of its levels.

You collected 152 gold pieces.

Inventory:

Hand Weapons
 e - a +1 long sword (weapon)
Armour
 a - a +0 robe
 c - a +1 robe of willpower (worn)
Scrolls
 g - a scroll of torment {unknown}
 h - a scroll of identify {unknown}
 i - a scroll of amnesia {unknown}
Potions
 b - a potion of magic
 d - a potion of cancellation {unknown}
 f - a potion of enlightenment {unknown}


   Skills:
 - Level 1.7 Dodging
 - Level 1.7 Stealth
 + Level 2.7 Spellcasting
 + Level 4.5 Conjurations


You had 6 spell levels left.
You knew the following spells:

 Your Spells              Type           Power      Damage    Failure   Level
a - Magic Dart            Conj           88%        1d7       1%          1

Your spell library contained the following spells:

 Spells                   Type           Power      Damage    Failure   Level
 Searing Ray              Conj           44%        2d6       3%          2
 Dazzling Flash           Conj/Hex       24%        N/A       16%         3
 Volatile Blastmotes      Fire/Tloc      4%         2d10      38%         3
 Fulminant Prism          Conj/Hex       6%         3d7       47%         4
 Iskenderun's Mystic Bla  Conj/Tloc      12%        2d5       47%         4


Dungeon Overview and Level Annotations

Branches:
Dungeon (2/15)

Altars:

Shops:
D:1 !


Innate Abilities, Weirdness & Mutations

A weak demonic guardian rushes to your aid.
A meltable shield of frost defends you. (SH +4)


Message History

The ball python constricts you. The goblin hits you with a +0 dagger.
The ball python bites you. The ball python constricts you.
A worm comes into view.
You barely miss the ball python. The goblin hits you but does no damage.
The ball python bites you. The ball python constricts you.
The goblin hits you but does no damage.
The ball python bites you but does no damage.
The ball python constricts you.
You are too injured to fight recklessly!
There are monsters nearby!
There are monsters nearby!
You closely miss the goblin.
The ball python bites you but does no damage.
The ball python constricts you. The goblin hits you with a +0 dagger.
The endoplasm closely misses you.
You closely miss the goblin. The ball python barely misses you.
The ball python constricts you. The goblin hits you with a +0 dagger.
The endoplasm hits you. The ball python barely misses you.
The ball python constricts you. The endoplasm freezes you.
You are frozen.
* * * LOW HITPOINT WARNING * * *
A demonic guardian appears!
The goblin closely misses you.
You hit the endoplasm.
The endoplasm is almost dead.
The ball python barely misses you. The ball python constricts you.
The goblin hits you with a +0 dagger.
* * * LOW HITPOINT WARNING * * *
The endoplasm freezes you.
You are frozen.
* * * LOW HITPOINT WARNING * * *
The ball python closely misses you. The ball python constricts you.
You hit the endoplasm.
You kill the endoplasm!
The ball python closely misses you. The ball python constricts you.
* * * LOW HITPOINT WARNING * * *
The goblin barely misses you.
Your white imp hits the ball python.
The ball python dies!
The goblin hits you with a +0 dagger.
You die...

########### ....#.....##
...........##
.....)......###
....[<).......#####.#.#
....†.................##
............#..####...$.
............##...##w....
............####@...##
...........## #.g...#
..........## #†5...#
#.##....... ..?...... #.
####...## ##........
#..... .....#### ...###.
.##### .## #


You could see a worm, a goblin (ally target) and a friendly white imp
(summoned).

Vanquished Creatures
  An adder (D:1)
  A dart slug (D:1)
  A ball python (D:1)
  4 endoplasms
  6 goblins
  A hobgoblin (D:1)
  A quokka (D:1)
  A bat (D:2)
  A frilled lizard (D:1)
  A kobold (D:1)
18 creatures vanquished.

Vanquished Creatures (collateral kills)
  A ball python (D:2)
  A frilled lizard (D:2)
2 creatures vanquished.

Grand Total: 20 creatures vanquished

Notes
Turn   | Place    | Note
-------+----------+-------------------------------------------
     0 | D:1      | Essalna the Demonspawn Conjurer began the quest for the
                  | Orb.
     0 | D:1      | Reached XP level 1. HP: 13/13 MP: 3/3
   126 | D:1      | Found Uvoo's Distillery.
   346 | D:1      | Gained mutation: A weak demonic guardian rushes to your
                  | aid. [demonic ancestry]
   346 | D:1      | Reached XP level 2. HP: 19/19 MP: 5/5
   488 | D:1      | Found Peollo's Assorted Antiques.
  1028 | D:2      | Gained mutation: A meltable shield of frost defends you.
                  | (SH +4) [demonic ancestry]
  1028 | D:2      | Reached XP level 3. HP: 24/24 MP: 7/7
  1070 | D:2      | HP: 1/24 [frozen (1)]
  1072 | D:2      | Slain by a goblin

Illustrated notes

Levels and vault maps discovered:
D:1:      nicolae_arrival_washed_ashore, layout_basic, serial_shops, shop_coins,
          nicolae_lakefront_shop
D:2:      layout_rooms, basic_ecumenical_altar

Action                     || total
---------------------------++-------
  Melee: Long sword        ||    37
   Cast: Magic Dart        ||    10
    Use: Scroll            ||     1
   Stab: Sleeping          ||     3
 Armour: Robe              ||    35
  Dodge: Dodged            ||    33
  Block: Other             ||     5

Table legend: (Time is in decaauts)
 A = Elapsed time spent in this place.
 B = Non-inter-level travel time spent in this place.
 C = Inter-level travel time spent in this place.
 D = Time resting spent in this place.
 E = Time spent auto-exploring this place.
 F = Levels seen in this place.
 G = Mean time per level.
                   A        B        C        D        E       F      G
               +--------+--------+--------+--------+--------+-----+--------+
         Total |   1087 |   1068 |     19 |      0 |    912 |   2 |  543.5 |
       Dungeon |   1087 |   1068 |     19 |      0 |    912 |   2 |  543.5 |
               +--------+--------+--------+--------+--------+-----+--------+

Top non-repeatable levels by time:
     D:1: 1026 daAuts
     D:2: 60 daAuts
